 Dungeon Crawl Stone Soup version 0.19-a0-1886-gd64a0f0 (webtiles) character file.

82 one1010 the Skirmisher (level 4, 0/24 HPs)
             Began as a Vine Stalker Fighter on Oct 17, 2016.
             Slain by a gnoll
             ... wielding a +0 halberd
              (2 damage)
             ... on level 3 of the Dungeon.
             The game lasted 00:05:53 (1687 turns).

one1010 the Skirmisher (Vine Stalker Fighter)       Turns: 1687, Time: 00:05:55

Health: 0/24       AC:  7    Str: 19    XL:     4   Next: 43%
Magic:  0/5        EV:  7    Int:  8    God:
Gold:   135        SH:  9    Dex: 14    Spells: 0 memorised, 3 levels left

rFire  . . .     SeeInvis .     a - +0 long sword
rCold  . . .     Gourm    .     b - +0 scale mail
rNeg   . . .     Faith    .     c - +0 shield
rPois  .         Spirit   +     (no helmet)
rElec  .         Dismiss  .     m - +0 cloak
rCorr  .         Reflect  .     (no gloves)
MR     .....     Harm     .     (no boots)
Stlth  +.........               (no amulet)
                                (no ring)
                                v - ring of stealth

@: no status effects
A: fangs 2, regeneration 1, magic shield, antimagic bite, no device heal 3, rot
immunity
a: no special abilities


You were on level 3 of the Dungeon.
You were hungry.

You visited 1 branch of the dungeon, and saw 3 of its levels.

You collected 135 gold pieces.

Inventory:

Hand Weapons
 a - a +0 long sword (weapon)
Armour
 b - a +0 scale mail (worn)
 c - a +0 shield (worn)
 m - a +0 cloak (worn)
Jewellery
 u - an uncursed amulet of faith
 v - a ring of stealth (left hand)
Scrolls
 e - a scroll of teleportation {unknown}
 g - a scroll of immolation {unknown}
 h - a scroll of enchant armour {unknown}
 i - a scroll of blinking {unknown}
 k - 3 scrolls of identify
 r - 3 scrolls of random uselessness {unknown}
Potions
 d - a potion of might
 o - a potion of haste {unknown}
 p - 2 potions of curing
 q - a potion of heal wounds {unknown}
 s - a potion of flight {unknown}
Comestibles
 f - 2 bread rations
 j - a chunk of flesh
 l - a meat ration
 n - a royal jelly
 t - a fruit
 w - a beef jerky


   Skills:
 * Level 3.2 Fighting
 * Level 2.6 Long Blades
 + Level 2.6 Armour
 + Level 0.5 Dodging
 * Level 3.2 Shields


You had 3 spell levels left.
You didn't know any spells.

Dungeon Overview and Level Annotations

Branches:
Dungeon (3/15)

Altars:
Ashenzari
Vehumet


Innate Abilities, Weirdness & Mutations

You have extremely sharp teeth.
Your natural rate of healing is unusually fast.
When hurt, damage is shared between your health and your magic reserves.
Your bite disrupts and absorbs the magic of your enemies.
Potions and wands cannot restore your health.
You are immune to rotting.


Message History

The orc hits you but does no damage. You block the gnoll's attack.
The orc hits you but does no damage.
You hit the orc. You bite the orc. You drain its power.
You feel invigorated.
You kill the orc!
The gnoll barely misses you. The gnoll hits you with a spear.
You block the gnoll's attack.
Things that are here:
a leather armour; an orc corpse You closely miss the gnoll.
You block the gnoll's attack. The gnoll barely misses you.
You block the gnoll's attack.
You slash the gnoll! You bite the gnoll, but do no damage.
The gnoll is heavily wounded.
You block the gnoll's attack. x2
You hit the gnoll.
The gnoll is heavily wounded.
The gnoll hits you from afar with a halberd!
* * * LOW HITPOINT WARNING * * *
The gnoll hits you but does no damage. x2
The gnoll hits you from afar with a halberd.
You die...

........# .#
.#.......###.##
..............
....... ... .....
.. #..# .#
#..###..###.#.#
#......gg@.(..#
#.###.#g###.......
#.#.########..
...#....#....#
#...#?.....#
...........##
............#
............#
#...........#


You could see 2 gnolls and a goblin.

Vanquished Creatures
  An adder (D:2)
  A gnoll (D:3)
  An ooze (D:3)
  2 worms (D:2)
  A dart slug (D:1)
  2 leopard geckos
  5 orcs (D:3)
  8 bats
  7 goblins
  4 hobgoblins
  3 kobolds
  A ball python (D:2)
  A frilled lizard (D:2)
  7 rats
44 creatures vanquished.

Vanquished Creatures (others)
  An adder (D:2)
1 creature vanquished.

Grand Total: 45 creatures vanquished

Notes
Turn   | Place    | Note
-------+----------+-------------------------------------------
     0 | D:1      | one1010 the Vine Stalker Fighter began the quest for the Orb.
     0 | D:1      | Reached XP level 1. HP: 11/11 MP: 2/2
   172 | D:1      | Reached XP level 2. HP: 16/16 MP: 3/3
   259 | D:1      | Found a shattered altar of Ashenzari.
   616 | D:2      | Reached XP level 3. HP: 20/20 MP: 4/4
  1307 | D:2      | Found a radiant altar of Vehumet.
  1637 | D:3      | Gained mutation: Your natural rate of healing is unusually fast. [Vine Stalker growth]
  1637 | D:3      | Reached XP level 4. HP: 24/24 MP: 5/5
  1687 | D:3      | Slain by a gnoll

Vault maps used:
D:1:      dpeg_arrival_tiny_i, ashenzari_altar_1
D:2:      fiery_altar_vehumet
D:3:      lemuel_upstairs_altar

Skill      XL: |  1  2  3 |
---------------+----------+-----
Fighting       | 3 |  3.2
Shields        | 3 |  3.2
Long Blades    | 2 |  2.6
Armour         | |  2.6
Dodging        | |  0.5

Action                   |  1- 3 |  4- 6 || total
-------------------------+-------+-------++-------
Melee: Long sword        |    73 |    27 ||   100
       Bite              |    21 |    10 ||    31
  Use: Scroll            |     3 |       ||     3
  Eat: Chunk             |     2 |       ||     2
Armor: Scale mail        |    40 |    26 ||    66
Dodge: Dodged            |    25 |    23 ||    48
Block: Shield            |    37 |    26 ||    63
       Rpst.: Long sword |     7 |     3 ||    10
